 Dungeon Crawl Stone Soup version 0.29.1-15-g9cfb28693d (webtiles) character file.

Game seed: 2736586406289877488

27 Ast3rio the Cudgeller (level 3, -6/35 HPs)
             Began as a Gnoll Cinder Acolyte on Mar 7, 2023.
             Was a High Priest of Ignis.
             Mangled by a gnoll
             ... wielding a +0 flail
              (11 damage)
             ... on level 2 of the Dungeon.
             The game lasted 00:02:24 (1462 turns).

Ast3rio the Cudgeller (Gnoll Cinder Acolyte)        Turns: 1462, Time: 00:02:26

Health: -6/35      AC:  2    Str: 15    XL:     3   Next: 10%
Magic:  3/7        EV: 11    Int: 13    God:    Ignis [*****.]
Gold:   89         SH:  0    Dex:  7    Spells: 5/7 levels left

rFire   + . .      SeeInvis .   j - +2 dagger (protect)
rCold   . . .      Faith    .   (no shield)
rNeg    . . .      Spirit   .   b - +0 robe
rPois   .          Reflect  .   (no helmet)
rElec   .          Harm     .   (no cloak)
rCorr   .          Rampage  .   (no gloves)
Will    .....                   (no boots)
Stlth   +.........              (no amulet)
HPRegen 0.11/turn               (no ring)
MPRegen 0.10/turn               (no ring)

@: no status effects
A: fangs 1, strong nose, distributed training
a: Renounce Religion, Fiery Armour, Foxfire Swarm, Rising Flame


You were on level 2 of the Dungeon.
You worshipped Ignis.
Ignis was extremely pleased with you.
You visited 1 branch of the dungeon, and saw 2 of its levels.

You collected 89 gold pieces.

Inventory:

Hand Weapons
 a - a -1 mace of flaming
 j - a +2 dagger of protection (weapon)
Armour
 b - a +0 robe (worn)
Jewellery
 c - a +4 ring of evasion
 d - a +6 ring of strength
 k - an amulet of magic regeneration
Scrolls
 g - a scroll of butterflies {unknown}
 h - a scroll of brand weapon {unknown}
 i - a scroll of enchant weapon {unknown}
Potions
 e - 2 potions of might {unknown}
 f - a potion of mutation {unknown}


   Skills:
 + Level 6.5 Fighting
 + Level 0.6 Short Blades
 + Level 0.6 Long Blades
 + Level 0.6 Axes
 + Level 6.5 Maces & Flails
 + Level 0.6 Polearms
 + Level 0.6 Staves
 + Level 0.6 Ranged Weapons
 + Level 0.6 Throwing
 + Level 0.6 Armour
 + Level 0.6 Dodging
 + Level 0.6 Stealth
 + Level 0.6 Shields
 + Level 0.6 Unarmed Combat
 + Level 2.8 Spellcasting
 + Level 0.4 Conjurations
 + Level 0.4 Hexes
 + Level 0.4 Summonings
 + Level 0.4 Necromancy
 + Level 0.4 Translocations
 + Level 0.4 Transmutations
 + Level 5.4 Fire Magic
 + Level 0.4 Ice Magic
 + Level 0.4 Air Magic
 + Level 0.4 Earth Magic
 + Level 0.4 Poison Magic
 + Level 0.8 Invocations
 + Level 0.6 Evocations


You had 5 spell levels left.
You knew the following spells:

 Your Spells              Type           Power      Damage    Failure   Level
a - Scorch                Fire           30%        2d7       3%          2

Your spell library contained the following spells:

 Spells                   Type           Power      Damage    Failure   Level
 Summon Guardian Golem    Hex/Summ       3%         N/A       50%         3
 Orb of Destruction       Conj           1%         9d5       100%        7
 Spellforged Servitor     Conj/Summ      1%         N/A       100%        7


Dungeon Overview and Level Annotations

Branches:
Dungeon (2/15)

Altars:


Innate Abilities, Weirdness & Mutations

You have very sharp teeth.
Your uncanny sense of smell can sniff out nearby items.
Your experience applies equally to all skills.


Message History

The gnoll is moderately wounded.
The gnoll hits you but does no damage.
You hit the gnoll.
The gnoll is lightly wounded.
You hit the gnoll.
The gnoll is moderately wounded.
An adder comes into view.
The gnoll hits you but does no damage. The gnoll closely misses you.
You hit the gnoll. You bite the gnoll.
The gnoll is severely wounded.
The gnoll is no longer more vulnerable to fire.
The gnoll barely misses you. The gnoll hits you but does no damage.
The gnoll barely misses you.
The gnoll hits you from afar with a +0 spear!
You completely miss the gnoll.
The gnoll is severely wounded.
The gnoll hits you but does no damage. The gnoll hits you with a +0 flail!
The gnoll completely misses you.
You closely miss the gnoll.
The gnoll is severely wounded.
The gnoll hits you but does no damage. The gnoll barely misses you.
The gnoll closely misses you.
The gnoll hits you from afar with a +0 spear.
You barely miss the gnoll. The gnoll barely misses you. The gnoll misses you.
The gnoll barely misses you.
Casting: Scorch (safe; 3% risk of failure)
Confirm with . or Enter, or press ? or * to list all spells.
Flames lash the gnoll.
The gnoll is severely wounded.
The gnoll's fire resistance burns away.
The gnoll hits you with a +0 flail. The gnoll barely misses you.
The gnoll hits you but does no damage.
The gnoll hits you from afar with a +0 spear.
* * * LOW HITPOINT WARNING * * *
Activating: Foxfire Swarm
Press: ? - help, Dir - look around, f - activate Flames leap up around you!
The gnoll hits you from afar with a +0 spear.
* * * LOW HITPOINT WARNING * * *
The gnoll hits you with a +0 flail!
You die...

###.#########..#)# .
..#............#.####..
#.#########............
#.#..................
#........>...........
###.#####.##..##.#####
...<.....).....vvv...+
...######.######v#####..
...+ ..... #@gv.....
...# ###.### #ggv.....
..... ... #Svg.....
.[..# ### #.#......
....# .##...... ....# .
...... ....# . ......
###. .# .....


You could see 4 gnolls and an adder.

Vanquished Creatures
  4 bats
  A giant cockroach (D:1)
  2 goblins (D:1)
  A hobgoblin (D:1)
  3 jackals (D:1)
  2 quokkas (D:1)
  2 ball pythons (D:1)
  2 frilled lizards (D:1)
  5 kobolds
  3 rats (D:1)
25 creatures vanquished.

Notes
Turn   | Place    | Note
-------+----------+-------------------------------------------
     0 | D:1      | Ast3rio the Gnoll Cinder Acolyte began the quest for the
                  | Orb.
     0 | D:1      | Reached XP level 1. HP: 23/23 MP: 4/4
   160 | D:1      | Reached XP level 2. HP: 24/29 MP: 5/5
   827 | D:1      | Reached XP level 3. HP: 23/35 MP: 7/7
   943 | D:1      | Learned a level 2 spell: Scorch
  1462 | D:2      | Mangled by a gnoll

Illustrated notes

Levels and vault maps discovered:
D:1:      co_arrival_square_in_a_square_in_a_square, layout_loops_ring,
          minmay_misc_feat_ornament, amcnicky_mini_rare_corridor_liquid,
          minmay_quantized
D:2:      layout_basic, ebering_ecumenical_altar_ruins, minivault_19,
          uniq_crazy_yiuf_cottage, uniq_robin

Action                   || total
-------------------------++-------
Melee: Mace              ||    57
       Bite              ||     4
       Dagger            ||     9
 Cast: Scorch            ||     6
Invok: Foxfire Swarm     ||     1
Armor: Robe              ||    22
Dodge: Dodged            ||    57
